 Dungeon Crawl Stone Soup version 0.16-a0-1970-g0967df0 (webtiles) character file.

333 thegroundistoosoft the Insei (level 6, -2/47 HPs)
             Began as a Mummy Monk on Nov 8, 2014.
             Slain by a worker ant (4 damage)
             ... on level 5 of the Dungeon.
             The game lasted 00:24:04 (7162 turns).

thegroundistoosoft the Insei (Mummy Monk)           Turns: 7162, Time: 00:24:04

Health: -2/47      AC:  3    Str: 14    XL:     6   Next: 27%
Magic:  6/6        EV: 14    Int:  9    God:
Gold:   145        SH:  0    Dex: 16    Spells: 0 memorised, 5 levels left

rFire  x x .     SeeInvis .       - Unarmed
rCold  + + .     Clarity  .     (no armour)
rNeg   + + +     SustAb   .     (no shield)
rPois  +         Gourm    .     (no helmet)
rElec  .         Spirit   .     o - +2 cloak
rCorr  .         Warding  .     (no gloves)
rMut   .         Stasis   .     (no boots)
MR     .....                    f - amulet of rage
Stlth  ++........               (no ring)
                                m - ring of ice

@: not resistant to hostile enchantments, unstealthy
A: no food or potions, fire vulnerability, restore body, cold resistance 1,
negative energy resistance 3, poison resistance, torment resistance, unbreathing
a: no special abilities


You were on level 5 of the Dungeon.
You were not hungry.

You visited 1 branch of the dungeon, and saw 5 of its levels.

You collected 145 gold pieces.


Innate Abilities, Weirdness & Mutations

You do not eat or drink.
Your flesh is vulnerable to fire.
Your flesh is cold resistant.
You are immune to negative energy.
Your system is resistant to poisons.
You are immune to unholy pain and torment.
You can survive without breathing.


   Skills:
 - Level 3.0 Fighting
 - Level 3.8 Dodging
 - Level 1.5 Stealth
 + Level 5.5 Unarmed Combat


You had 5 spell levels left.
You didn't know any spells.

Inventory:

Armour
 d - a +1 cloak
 o - a +2 cloak (worn)
Jewellery
 f - an amulet of rage (around neck)
 m - a ring of ice (left hand)
Scrolls
 b - 2 scrolls of remove curse
 h - a scroll of enchant weapon
 i - a scroll of magic mapping
 k - a scroll of random uselessness {unknown}
 l - a scroll of identify
Comestibles
 c - 2 slices of pizza (quivered)

Dungeon Overview and Level Annotations

Branches:
Dungeon (5/15)             Temple (0/1) D:4

Altars:
Dithmenos
Gozag

Shops:
D:4 (

Annotations:
D:2 exclusion: downstairs
D:4 exclusion: ogre, Blork the orc, Prince Ribbit

#... #..#######
#........#
#........#
#........#
#........#
#?##'###########
#+#
#.##.##........#
...
#.##.@aK(......#
#.#
#.#####........#
#.# #.#
#.......!# #.#
#.# #....[...#
##.#########.#
#........#
.............#
####+####
........######
.#.####.# .#.#
#.#


You could see a worker ant (inner flame) and a kobold (inner flame).


Message History

You closely miss the worker ant.
The worker ant is heavily wounded.
The worker ant bites you.
* * * LOW HITPOINT WARNING * * *
You closely miss the worker ant.
The worker ant is heavily wounded.
The worker ant bites you.
* * * LOW HITPOINT WARNING * * *
The worker ant bites you!
* * * LOW HITPOINT WARNING * * *
Read which item? (? for menu, Esc to quit)
Okay, then.
Read which item? (? for menu, Esc to quit)
Okay, then.
Read which item? (? for menu, Esc to quit)
As you read the scroll labeled EXUM ANGUFAWKY, it crumbles to dust.
The creatures around you are filled with an inner flame!
It was a scroll of immolation.
The worker ant bites you.
* * * LOW HITPOINT WARNING * * *
Read which item? (? for menu, Esc to quit)
As you read the scroll labeled SASUNO NUHOFF, it crumbles to dust.
It is a scroll of identify.
Identify which item? (\ to view known items) (? for menu, Esc to quit)
i - a scroll of magic mapping The worker ant barely misses you.
Read which item? (? for menu, Esc to quit)
As you read the scroll labeled PUADDY JUG SKA, it crumbles to dust.
You feel forgetful for a moment.
It was a scroll of amnesia.
The worker ant bites you.
You die...

Action                   |  1- 3 |  4- 6 || total
-------------------------+-------+-------++-------
Melee: Unarmed           |   162 |   284 ||   446
  Use: Scroll            |       |     9 ||     9
 Stab: Sleeping          |     2 |     2 ||     4

Vault maps used:
D:1:      minmay_arrival_loop
D:2:      overflow_temple_1_default, lemuel_round_altar, uniq_jessica
D:4:      minmay_temple_entry_overgrown, first_bread, serial_shops, shop,
          tgw_sif, uniq_prince_ribbit1
D:5:      lemuel_zombie_altar_kikubaaqudgha, serial_bayou_pond_d

Notes
Turn   | Place    | Note
--------------------------------------------------------------
     0 | D:1      | thegroundistoosoft, the Mummy Monk, began the quest for the Orb.
     0 | D:1      | Reached XP level 1. HP: 18/18 MP: 1/1
   350 | D:1      | Artagel: :O
   350 | D:1      | thegroundistoosoft: HA HA HA
   639 | D:1      | :1
   666 | D:1      | Artagel: :D
   708 | D:1      | Reached XP level 2. HP: 22/24 MP: 2/2
  1192 | D:2      | Artagel: You cant drink ;_;
  1192 | D:2      | Artagel: cant even drink away the pain
  1229 | D:2      | thegroundistoosoft: we can toss pizzas though
  1229 | D:2      | thegroundistoosoft: silver lining
  1236 | D:2      | Noticed Jessica
  1239 | D:2      | thegroundistoosoft: ha
  1239 | D:2      | thegroundistoosoft: 2sneaky
  1288 | D:2      | Reached skill level 4 in Unarmed Combat
  1524 | D:2      | Reached XP level 3. HP: 25/29 MP: 3/3
  1821 | D:2      | Found an opulent altar of Gozag.
  2063 | D:2      | materialism will bring the end of human society as we know it
  2506 | D:2      | Reached XP level 4. HP: 14/35 MP: 4/4
  2769 | D:2      | Found a shadowy altar of Dithmenos.
  3137 | D:2      | Artagel: halp
  3137 | D:2      | Artagel: HALP
  3140 | D:2      | Killed Jessica
  3142 | D:2      | Artagel: easy game
  3142 | D:2      | only the superior way of embalmed fisticuffs will prevail
  3172 | D:2      | Reached skill level 5 in Unarmed Combat
  3276 | D:2      | thegroundistoosoft: don't even got to try
  3770 | D:3      | Reached XP level 5. HP: 38/41 MP: 5/5
  3796 | D:3      | Reached skill level 3 in Dodging
  4712 | D:4      | Noticed an ogre
  4716 | D:4      | Noticed an ogre
  4717 | D:4      | fuck off
  4786 | D:4      | Found a staircase to the Ecumenical Temple.
  4823 | D:4      | Noticed an ogre
  4824 | D:4      | thegroundistoosoft: ogreload
  4986 | D:2      | 2slo
  5769 | D:4      | Reached XP level 6. HP: 27/47 MP: 6/6
  5825 | D:3      | thegroundistoosoft: you what
  5992 | D:2      | Artagel: :D
  5998 | D:3      | thegroundistoosoft: HA HA
  5998 | D:3      | thegroundistoosoft: TIME FOR DANGER
  6032 | D:4      | Found Vaaraups' Antique Weapon Shop.
  6073 | D:4      | thegroundistoosoft: quality
  6181 | D:4      | Noticed Prince Ribbit
  6536 | D:4      | thegroundistoosoft: it seems as if I may have to enable wands
  6536 | D:4      | thegroundistoosoft: although
  6536 | D:4      | thegroundistoosoft: that's ezmode
  6584 | D:4      | Artagel: swinged.
  6748 | D:4      | Noticed Blork the orc
  7031 | D:5      | Entered Level 5 of the Dungeon
  7159 | D:5      | HP: 4/47 [worker ant (8)]
  7162 | D:5      | Slain by a worker ant

Vanquished Creatures
  A scorpion (D:4)
  A centaur skeleton (D:5)
  Jessica (D:2)
  6 gnolls
  8 adders
  A giant mite (D:4)
  4 worms
  4 giant geckos
  2 orcs
  A ball python (D:3)
  6 giant cockroaches
  15 goblins
  10 hobgoblins
  3 jackals (D:2)
  5 bats
  3 giant newts
  7 kobolds
  8 rats
86 creatures vanquished.
